 Dungeon Crawl Stone Soup version 0.30-a0-462-gd5975efbca (webtiles) character file.

Game seed: 8783599320642559985

11 porpoise the Sneak (level 2, -2/27 HPs)
             Began as a Hill Orc Delver on Dec 17, 2022.
             Was an Initiate of Qazlal.
             Killed by divine providence
             ... invoked by an orc priest
              (11 damage)
             ... on level 5 of the Dungeon.
             The game lasted 00:01:59 (236 turns).

porpoise the Sneak (Hill Orc Delver)                 Turns: 236, Time: 00:02:01

Health: -2/27      AC:  3    Str: 20    XL:     2   Next: 25%
Magic:  2/2        EV: 11    Int: 10    God:    Qazlal [......]
Gold:   0          SH:  0    Dex: 12    Spells: 1/1 levels left

rFire   . . .      SeeInvis .    a - +0 hand axe
rCold   . . .      Faith    .    (no shield)
rNeg    . . .      Spirit   .    b - +0 leather armour
rPois   .          Reflect  .    (no helmet)
rElec   .          Harm     .    (no cloak)
rCorr   .          Rampage  .    (no gloves)
Will    .....                    (no boots)
Stlth   ++........               (no amulet)
HPRegen 0.24/turn                h - +6 ring of strength
MPRegen 0.08/turn                (no ring)

@: no status effects
A: no striking features
a: Renounce Religion, Convert to Beogh


You were on level 5 of the Dungeon.
You worshipped Qazlal.
Qazlal was noncommittal.
You visited 2 branches of the dungeon, and saw 2 of its levels.

Inventory:

Hand Weapons
 a - a +0 hand axe (weapon)
Armour
 b - a +0 leather armour (worn)
Jewellery
 h - a +6 ring of strength (left hand)
Wands
 g - a wand of digging (3)
Scrolls
 c - a scroll of fog
 d - a scroll of magic mapping
 e - a scroll of fear
Potions
 f - a potion of haste


   Skills:
 + Level 3.9 Fighting
 * Level 3.5 Axes
 - Level 1.5 Dodging
 - Level 4.1 Stealth


You had one spell level left.
You didn't know any spells.
Your spell library was empty.

Dungeon Overview and Level Annotations

Branches:
Dungeon (5/15)             Temple (1/1) D:5

Altars:
Ashenzari
Cheibriados
Elyvilon
Fedhas
Gozag
Nemelex Xobeh
Okawaru
Qazlal
Sif Muna
Trog
Wu Jian
Zin
The Shining One


Message History

The orc is moderately wounded.
You hit the orc. The orc hits you with a +0 whip. The orc barely misses you.
You hit the orc.
The orc is almost dead.
You barely miss the orc. The orc hits you but does no damage.
The orc barely misses you. x2
The orc priest looks satisfied for a moment.
The orc hits you but does no damage.
The orc priest shouts, "Beogh is our master!
Accept the truth or die!"
You hit the orc but do no damage.
The orc is almost dead.
You hit the orc. The orc barely misses you.
The orc hits you with a +0 falchion.
Unknown command.
You barely miss the orc.
The orc is almost dead.
You hit the orc but do no damage. The orc hits you but does no damage.
The orc closely misses you.
The orc priest threatens, "By the altar or by the axe, you will meet Beogh!"
You hit the orc but do no damage.
The orc is almost dead.
The orc priest shouts, "Join the one true god or die!"
You hit the orc.
You kill the orc!
Qazlal accepts your kill. The orc hits you but does no damage.
The orc priest calls upon Beogh to heal the orc.
The orc is healed somewhat.
You hear a shout!
The orc priest misses you. The orc completely misses you.
The orc priest hits you with a +0 whip.
There is an open door, spattered with blood here.
You see here a +0 whip.
You closely miss the orc priest.
The orc priest shouts, "Join the one true god or die!"
You barely miss the orc. You closely miss the orc priest.
The orc hits you with a +0 falchion.
The orc priest invokes the aid of Beogh against you.
Beogh smites you!
You die...

#.....#############
#.....#............
#.....#............
+.....#............
#.....#....oo......
#.....#'####.......
#.....#...##.......
#.....#oo..#..o....
#....o@o..##.......
#.....#...##.o.....
#.....#....#.......
#.....#....#.......
#.....######
#.........>#
#..........#
#..........#
#..........#


You could see 2 orc priests and 2 orcs.

Vanquished Creatures
  An adder (D:5)
  An orc (D:5)
2 creatures vanquished.

Notes
Turn   | Place    | Note
-------+----------+-------------------------------------------
     0 | D:5      | porpoise the Hill Orc Delver began the quest for the Orb.
     0 | D:5      | Reached XP level 1. HP: 19/19 MP: 1/1
     6 | Temple   | Entered the Ecumenical Temple
    66 | Temple   | Became a worshipper of Qazlal Stormbringer
    86 | D:5      | Reached XP level 2. HP: 12/27 MP: 2/2
   236 | D:5      | Killed from afar by an orc priest

Illustrated notes

Levels and vault maps discovered:
D:5:      layout_gridville, mainiacjoe_overflow_surrounded_room,
          minmay_temple_entry_stoned_glass, feat_on_display
Temple:   dshaligram_water_room_temple

Skill      XL: |  1 |
---------------+----+-----
Axes           | 3 |  3.5
Fighting       | |  3.9
Dodging        | |  1.5
Stealth        | |  4.1

Action                   || total
-------------------------++-------
Melee: Hand axe          ||    13
       Punch             ||     2
Armor: Leather armour    ||     6
Dodge: Dodged            ||    12

Table legend: (Time is in decaauts)
 A = Elapsed time spent in this place.
 B = Non-inter-level travel time spent in this place.
 C = Inter-level travel time spent in this place.
 D = Time resting spent in this place.
 E = Time spent auto-exploring this place.
 F = Levels seen in this place.
 G = Mean time per level.
                   A        B        C        D        E       F      G
               +--------+--------+--------+--------+--------+-----+--------+
         Total |    236 |    223 |     13 |     81 |     45 |   2 |  118.0 |
       Dungeon |    162 |    162 |      0 |     81 |      0 |   1 |  162.0 |
        Temple |     73 |     60 |     13 |      0 |     45 |   1 |   73.0 |
               +--------+--------+--------+--------+--------+-----+--------+

Top non-repeatable levels by time:
     D:5: 162 daAuts
  Temple: 73 daAuts
